 Dungeon Crawl Stone Soup version 0.30.1-3-gfc49f6343a (webtiles) character file.

Game seed: 8920162792669665646

49435 javelincjr the Protected (level 14, -7/118 HPs)
             Began as a Demonspawn Fighter on July 20, 2023.
             Was an Initiate of Okawaru.
             Killed from afar by an eleionoma (13 damage)
             ... with a spray of wooden splinters
             ... on level 3 of the Lair of Beasts.
             The game lasted 01:39:58 (17373 turns).

javelincjr the Protected (Demonspawn Fighter)      Turns: 17373, Time: 01:39:59

Health: -7/118     AC: 27    Str: 23    XL:     14   Next: 16%
Magic:  14/14      EV:  6    Int: 14    God:    Okawaru [......]
Gold:   1010       SH: 16    Dex: 11    Spells: 13/13 levels left

rFire   . . .        q - +4 demon trident of Ateohaosai {flame, Contam rElec rN++ Str+3}
rCold   + + .        S - +0 tower shield of the Four Invaders {rPois}
rNeg    + + .        g - +0 plate armour of a wizard's laboratory {Drain rC++}
rPois   +            w - +2 helmet "Winufavapn" {rElec Int+4 Dex-3}
rElec   +            P - scarf {repulsion}
rCorr   .            i - +2 pair of gloves
SInv    +            R - +0 pair of boots
Will    +....        s - amulet of regeneration Stlth
                     z - ring of flight
HPRegen 1.19/turn    H - ring of see invisible
MPRegen 0.14/turn

%: repel missiles
@: flying, studying Armour
A: hooves 2, icy blue scales 1, ignite blood 2, powered by pain 2
a: Renounce Religion


You were on level 3 of the Lair of Beasts.
You worshipped Okawaru.
Okawaru was noncommittal.
You visited 4 branches of the dungeon, and saw 20 of its levels.
You also visited: Sewer and Bailey.

You collected 1324 gold pieces.
You spent 314 gold pieces at shops.

Inventory:

Hand Weapons
 q - the +4 demon trident of Ateohaosai (weapon) {flame, Contam rElec rN++ Str+3}
   (You acquired it on level 13 of the Dungeon)

   Str:       It affects your strength (+3).
   rElec:     It insulates you from electricity.
   rN:        It greatly protects you from negative energy.
   Contam:    It causes magical contamination when unequipped.
 X - the +11 arbalest of Vetibbu {penet, Dex+4}
   (You found it on level 5 of the Lair of Beasts)

   Dex:       It affects your dexterity (+4).
Missiles
 a - 11 curare-tipped darts
 e - 177 stones
 C - 33 poisoned darts (quivered)
 U - a boomerang of dispersal
Armour
 g - the +0 plate armour of a wizard's laboratory (worn) {Drain rC++}
   (You found it on level 3 of the Lair of Beasts)

   rC:        It greatly protects you from cold.
   Drain:     It drains your maximum health when unequipped.
 i - a +2 pair of gloves (worn)
 w - the +2 helmet "Winufavapn" (worn) {rElec Int+4 Dex-3}
   (You bought it in a shop on level 3 of the Dungeon)

   Int:       It affects your intelligence (+4).
   Dex:       It affects your dexterity (-3).
   rElec:     It insulates you from electricity.
 P - a scarf of repulsion (worn)
 R - a +0 pair of boots (worn)
 S - the +0 tower shield of the Four Invaders (worn) {rPois}
   (You acquired it on level 13 of the Dungeon)

   rPois:     It protects you from poison.
 Y - +0 acid dragon scales
Jewellery
 s - an amulet of regeneration (around neck)
 z - a ring of flight (left hand)
 H - a ring of see invisible (right hand)
Wands
 r - a wand of iceblast (13)
 E - a wand of mindburst (10)
 K - a wand of charming (12)
 M - a wand of polymorph (11)
 T - a wand of flame (12)
 V - a wand of light (3)
Scrolls
 b - 2 scrolls of poison {unknown}
 c - 2 scrolls of silence
 d - 2 scrolls of vulnerability
 k - 2 scrolls of magic mapping
 l - 2 scrolls of blinking
 o - 3 scrolls of fear
 u - 2 scrolls of amnesia {unknown}
 v - 5 scrolls of teleportation
 L - 3 scrolls of brand weapon
 Q - 3 scrolls of immolation
Potions
 f - 3 potions of magic
 h - 8 potions of haste
 n - 2 potions of flight
 p - 4 potions of lignification
 t - a potion of invisibility
 x - 7 potions of ambrosia
 A - 5 potions of mutation
 D - 8 potions of curing
 F - 2 potions of cancellation
 G - 3 potions of berserk rage {unknown}
 J - 4 potions of might
 W - 3 potions of resistance {unknown}


   Skills:
 + Level 13.0 Fighting
 + Level 11.4 Short Blades
 - Level 2.8 Polearms
 + Level 14.5 Armour
 + Level 12.0 Shields


You had 13 spell levels left.
You didn't know any spells.
Your spell library contained the following spells:

 Spells                   Type           Power      Damage    Failure   Level
 Beastly Appendage        Tmut           0%         N/A       100%        1
 Necrotise                Necr           0%         1d4       100%        1
 Blink                    Tloc           0%         N/A       100%        2
 Lesser Beckoning         Tloc           0%         N/A       100%        2
 Wereblood                Tmut           0%         N/A       100%        2
 Dazzling Flash           Conj/Hex       0%         N/A       100%        3
 Gell's Gravitas          Tloc           0%         N/A       100%        3
 Spider Form              Tmut/Pois      0%         N/A       100%        3
 Teleport Other           Tloc           0%         N/A       100%        3
 Vampiric Draining        Necr           0%         2d6       100%        3
 Volatile Blastmotes      Fire/Tloc      0%         2d10      100%        3
 Iskenderun's Mystic Bla  Conj/Tloc      0%         2d3       100%        4
 Manifold Assault         Tloc           0%         N/A       100%        4
 Olgreb's Toxic Radiance  Pois           0%         N/A       100%        4
 Agony                    Necr           0%         N/A       100%        5
 Iskenderun's Battlesphe  Conj           0%         2d6       100%        5
 Dispersal                Tloc           0%         N/A       100%        6
 Iron Shot                Conj/Erth      0%         9d1       100%        6
 Starburst                Conj/Fire      0%         6d3       100%        6
 Ozocubu's Refrigeration  Ice            0%         4d7       100%        7
 Storm Form               Tmut/Air       0%         N/A       100%        7
 Discord                  Hex            0%         N/A       100%        8
 Disjunction              Tloc           0%         N/A       100%        8
 Ignition                 Fire           0%         3d3       100%        8
 Polar Vortex             Ice            0%         N/A       100%        9
 Simulacrum               Ice/Necr       Unusable   N/A       N/A         6
 Spellforged Servitor     Conj/Summ      Unusable   N/A       N/A         7

Dungeon Overview and Level Annotations

Branches:
Dungeon (13/15)            Temple (1/1) D:6            Lair (5/5) D:11
  Swamp (1/4) Lair:3        Snake (0/4) Lair:3        Slime (0/5) Lair:4
    Orc (0/2) D:10         Vaults (0/5) D:13          Sewer (visited)
 Bailey (visited)

Altars:
Ashenzari
Cheibriados
Dithmenos
Fedhas
Gozag
Makhleb
Nemelex Xobeh
Okawaru
Qazlal
Ru
Vehumet
Wu Jian
Yredelemnul
Jiyva

Shops:
D:2 *   D:3 [   D:6 :

Annotations:
D:13 Jorgrun


Innate Abilities, Weirdness & Mutations

You have hoof-like feet.
You are partially covered in icy blue scales. (AC +2)
Your demonic aura often causes spilled blood to erupt in flames.
You sometimes gain power by taking damage.


Message History

The five-headed hydra is almost dead.
The eleionoma hits you but does no damage.
You block the alligator's attack. x2
A swamp drake comes into view.
The five-headed hydra is engulfed in blazing flames.
You kill the five-headed hydra!
Okawaru accepts your kill. The alligator barely misses you.
The alligator tail-slaps you.
* * * LOW HITPOINT WARNING * * *
The eleionoma hits you!
* * * LOW HITPOINT WARNING * * *
Your Shields skill increases to level 12!
The alligator bites you but does no damage.
The alligator tail-slaps you but does no damage.
There is a staircase back to the Lair, spattered with blood here.
The alligator bites you!
* * * LOW HITPOINT WARNING * * *
The alligator tail-slaps you but does no damage.
The eleionoma is engulfed in blazing flames.
The eleionoma hurls a spray of splinters at you.
The spray of wooden splinters hits you.
* * * LOW HITPOINT WARNING * * *
You block the alligator's attack.
The alligator tail-slaps you but does no damage.
You fly upwards.
Welcome back to the Lair of Beasts!
There is a staircase to the Swamp here.
You feel much better. The alligator bites you.
* * * LOW HITPOINT WARNING * * *
The alligator tail-slaps you!
* * * LOW HITPOINT WARNING * * *
The eleionoma hurls a spray of splinters at you.
The spray of wooden splinters hits you but does no damage.
You puncture the alligator! You burn the alligator.
The alligator is heavily wounded.
The alligator bites you!
* * * LOW HITPOINT WARNING * * *
The alligator barely misses you.
The eleionoma hurls a spray of splinters at you.
The spray of wooden splinters hits you!
You die...

#..#P...# #...##...#
........###.....[..#
.##PPP...#........##
####....####.##...## #
##...######.....#
####.......#P......##
#.###.......P..~~~..#
..............♣~~~♣.#
.............§♣§@§~.#
..............~tR§§.##
..............§♣§§§.P#
.##.............§.§###
.##...............##
.##....#.....##...#
..+....#..P####...##
♣♣♣.....#>.........##
♣ #.....#......##.#.#


You could see an eleionoma and an alligator (swift).

Vanquished Creatures
  5 hydras
  A boulder beetle (D:11)
  A catoblepas (Lair:5)
  10 death yaks
  A deep troll shaman (Lair:5)
  A vampire mage (Lair:3)
  Sonja (D:10)
  Nergalle (D:10)
  A skyshark (Lair:4)
  2 bog bodies (Lair:3)
  A lindwurm (Lair:5)
  2 orc knights (Bailey)
  An ugly thing (D:6)
  7 elephants
  A cyclops (D:11)
  7 black mambas
  A demonic crawler (Lair:2)
  7 torpor snails
  10 cane toads
  3 rime drakes
  5 kobold demonologists
  An unseen horror (D:11)
  9 komodo dragons
  2 trolls (D:11)
  A hornet (D:7)
  5 polar bears
  13 blink frogs (Lair:4)
  2 vampires (D:9)
  A shadow (D:9)
  3 wyverns
  24 yaks
  A wraith (D:10)
  A human (Lair:3)
  A steam dragon (D:9)
  7 basilisks
  Edmund (D:4)
  4 swamp worms (Lair:2)
  3 nagas (Lair:3)
  An acid dragon (D:10)
  8 water moccasins
  A swamp drake (D:11)
  8 black bears
  12 orc warriors
  2 ice beasts
  3 sky beasts
  11 wolves
  3 centaurs
  2 phantoms
  15 bullfrogs
  3 kobold brigands
  A gnoll sergeant (D:6)
  A scorpion (Lair:1)
  A water moccasin zombie (D:4)
  5 wights (D:10)
  9 killer bees
  3 electric eels (Bailey)
  2 howler monkeys
  3 jellies
  3 hounds
  7 orc priests
  Crazy Yiuf (D:6)
  A sleepcap (D:7)
  4 iguanas
  Natasha (thrice) (D:3)
  14 orc wizards
  3 hound zombies (D:4)
  9 gnolls
  12 adders
  11 river rats (Sewer)
  3 shadow imps
  2 white imps
  3 ufetubi
  An adder skeleton (D:4)
  3 worms
  2 dart slugs
  44 orcs
  20 ball pythons
  4 bats
  4 endoplasms
  3 giant cockroaches
  23 goblins
  23 hobgoblins
  21 kobolds
  4 quokkas
  3 frilled lizards
  22 rats
  A butterfly (Lair:1)
496 creatures vanquished.

Vanquished Creatures (collateral kills)
  A komodo dragon (Lair:5)
1 creature vanquished.

Vanquished Creatures (others)
  A bloated husk (Swamp:1)
  A swamp worm (Swamp:1)
2 creatures vanquished.

Grand Total: 499 creatures vanquished

Notes
Turn   | Place    | Note
-------+----------+-------------------------------------------
     0 | D:1      | javelincjr the Demonspawn Fighter began the quest for the
                  | Orb.
     0 | D:1      | Reached XP level 1. HP: 18/18 MP: 1/1
    52 | D:1      | Gained mutation: Your demonic aura sometimes causes spilled
                  | blood to erupt in flames. [demonic ancestry]
    52 | D:1      | Reached XP level 2. HP: 24/24 MP: 2/2
   394 | D:1      | Reached skill level 3 in Armour
   564 | D:1      | Gained mutation: You have large cloven feet. [demonic
                  | ancestry]
   564 | D:1      | Reached XP level 3. HP: 29/29 MP: 3/3
  1105 | D:2      | Found Fefin's Assorted Antiques.
  1123 | D:2      | Bought a scroll labelled PEREVI EHAA for 32 gold pieces
  1123 | D:2      | Bought a scroll labelled CAILOMUEWK for 32 gold pieces
  1123 | D:2      | Bought a scroll labelled SYWUES MOGONK for 32 gold pieces
  1256 | D:2      | Found a sacrificial altar of Ru.
  1617 | D:3      | Reached XP level 4. HP: 35/35 MP: 4/4
  1685 | D:3      | Noticed Natasha
  1701 | D:3      | Killed Natasha
  1796 | D:3      | Gained mutation: You are partially covered in icy blue
                  | scales. (AC +2) [demonic ancestry]
  1796 | D:3      | Reached XP level 5. HP: 5/42 MP: 5/5
  1968 | D:3      | Found Iqufukk's Antique Armour Emporium.
  2097 | D:3      | Noticed Natasha
  2107 | D:3      | Killed Natasha
  2273 | D:3      | Noticed Natasha
  2286 | D:3      | Killed Natasha
  2336 | D:4      | Reached skill level 1 in Short Blades
  2407 | D:4      | Noticed Edmund
  2439 | D:4      | Killed Edmund
  2440 | D:4      | Reached skill level 4 in Armour
  2440 | D:4      | Gained mutation: You have hoof-like feet. [demonic
                  | ancestry]
  2440 | D:4      | Reached XP level 6. HP: 15/49 MP: 6/6
  2671 | D:4      | Gained mutation: You sometimes gain a little power by
                  | taking damage. [demonic ancestry]
  2671 | D:4      | Reached XP level 7. HP: 55/55 MP: 7/7
  2811 | D:4      | Reached skill level 5 in Fighting
  3220 | D:5      | Entered Level 5 of the Dungeon
  3459 | D:5      | Reached skill level 5 in Armour
  3459 | D:5      | Reached skill level 5 in Shields
  3459 | D:5      | Reached XP level 8. HP: 63/63 MP: 8/8
  4549 | D:6      | Found a staircase to the Ecumenical Temple.
  4675 | D:6      | Noticed a brown ugly thing
  4730 | D:6      | Found a glowing drain.
  4770 | Sewer    | Entered a sewer
  5204 | D:6      | Found Atoemix's Tremendous Tomes.
  5420 | D:6      | Killed a brown ugly thing
  5421 | D:6      | Reached skill level 6 in Armour
  5421 | D:6      | Reached XP level 9. HP: 30/71 MP: 9/9
  5465 | D:6      | Found a runed translucent door.
  5466 | D:6      | Noticed Crazy Yiuf
  5473 | D:6      | Killed Crazy Yiuf
  5619 | D:6      | Reached skill level 5 in Short Blades
  5763 | D:6      | Found an ornate altar of the Wu Jian Council.
  6713 | D:8      | Reached skill level 7 in Armour
  7427 | D:9      | Reached XP level 10. HP: 57/80 MP: 10/10
  7942 | D:10     | Entered Level 10 of the Dungeon
  7956 | D:10     | Identified the +2 halberd of the Hawk {freeze, Int+5}
  8235 | D:10     | Reached skill level 8 in Armour
  8334 | D:10     | Noticed Sonja
  8392 | D:10     | Killed Sonja
  8473 | D:10     | Found a flagged portal.
  8497 | Bailey   | Entered a bailey
  8813 | Bailey   | Gained mutation: Your demonic aura often causes spilled
                  | blood to erupt in flames. [demonic ancestry]
  8813 | Bailey   | Reached XP level 11. HP: 66/83 MP: 11/11
  8886 | Bailey   | Noticed an orc knight
  8943 | Bailey   | Killed an orc knight
  9103 | Bailey   | Found an iron altar of Okawaru.
  9103 | Bailey   | Noticed an orc knight
  9115 | Bailey   | Noticed a sun demon
  9124 | Bailey   | Noticed a soul eater
  9133 | Bailey   | Killed an orc knight
  9579 | D:10     | Found a staircase to the Orcish Mines.
  9991 | D:10     | Noticed Nergalle
 10005 | D:10     | Killed Nergalle
 10169 | D:11     | Reached skill level 9 in Armour
 10266 | D:11     | You fall into a shaft and drop 2 floors!
 10310 | D:13     | Acquired the +0 tower shield of the Four Invaders {rPois}
 10322 | D:13     | Acquired the +4 demon trident of Ateohaosai {flame, Contam
                  | rElec rN++ Str+3}
 10328 | D:13     | Found a gate to the Vaults.
 10328 | D:13     | Noticed a +3 long sword
 10328 | D:13     | Noticed a +5 long sword
 10342 | D:13     | Noticed a skeletal warrior
 10342 | D:13     | Noticed a skeletal warrior
 10343 | D:13     | Noticed a skeletal warrior
 10345 | D:13     | Noticed a brown ugly thing
 10346 | D:13     | Noticed Jorgrun
 10351 | D:13     | Noticed a skeletal warrior
 10592 | D:11     | Noticed a boulder beetle
 10918 | D:11     | Killed a boulder beetle
 11055 | D:11     | Reached skill level 10 in Fighting
 11230 | D:11     | Found a sacrificial altar of Ru.
 11331 | D:11     | Found a staircase to the Lair.
 11547 | Lair:1   | Entered Level 1 of the Lair of Beasts
 11619 | Lair:1   | Reached skill level 10 in Armour
 11796 | Lair:1   | Noticed a death yak
 11820 | Lair:1   | Killed a death yak
 11821 | Lair:1   | Reached XP level 12. HP: 72/98 MP: 12/12
 12072 | Lair:1   | You fall into a shaft and drop 1 floor!
 12147 | Lair:2   | Noticed a seven-headed hydra
 12151 | Lair:2   | Killed a seven-headed hydra
 12453 | Lair:2   | Reached skill level 11 in Armour
 12474 | Lair:2   | Reached skill level 10 in Shields
 13038 | Lair:2   | Identified the amulet "Pusiwawk" {RegenMP Str+4}
 13292 | Lair:3   | Noticed an eight-headed hydra
 13299 | Lair:3   | Killed an eight-headed hydra
 13378 | Lair:3   | Reached skill level 12 in Armour
 13585 | Lair:3   | Identified the +0 plate armour of a wizard's laboratory
                  | {Drain rC++}
 13622 | Lair:3   | Reached skill level 10 in Short Blades
 13707 | Lair:3   | Found a staircase to the Swamp.
 13722 | Lair:3   | Reached XP level 13. HP: 28/107 MP: 13/13
 14068 | Lair:3   | Found a staircase to the Snake Pit.
 14133 | Lair:3   | Found a runed translucent door.
 14757 | Lair:4   | Reached skill level 13 in Armour
 14866 | Lair:4   | Found a viscous altar of Jiyva.
 14866 | Lair:4   | Found a staircase to the Slime Pits.
 15521 | Lair:5   | Entered Level 5 of the Lair of Beasts
 15755 | Lair:5   | Found a snail-covered altar of Cheibriados.
 15968 | Lair:5   | Reached skill level 14 in Armour
 16477 | Lair:5   | Gained mutation: You sometimes gain power by taking damage.
                  | [demonic ancestry]
 16477 | Lair:5   | Reached XP level 14. HP: 100/116 MP: 14/14
 16517 | Lair:5   | Identified the +11 arbalest of Vetibbu {penet, Dex+4}
 16532 | Lair:5   | Identified the +0 ring mail of Subjectivity {rF+ rCorr
                  | Str+2 Dex+2}
 16933 | D:3      | Bought a bloodstained helmet for 218 gold pieces
 16933 | D:3      | Identified the +2 helmet "Winufavapn" {rElec Int+4 Dex-3}
                  | (You bought it in a shop on level 3 of the Dungeon)
 17065 | Temple   | Entered the Ecumenical Temple
 17083 | Temple   | Became a worshipper of Warmaster Okawaru
 17346 | Swamp:1  | Entered Level 1 of the Swamp
 17373 | Lair:3   | Killed from afar by an eleionoma

Illustrated notes

Levels and vault maps discovered:
D:1:      dpeg_arrival_pond, layout_basic, serial_bayou_lake_a
D:2:      layout_rooms, serial_shops, shop, basic_altar
D:3:      cheibrodos_greedy_goblins, layout_basic, serial_shops,
          nicolae_shop_just_a_little_nook, kennysheep_generic_room_5,
          uniq_natasha
D:4:      layout_basic, serial_undead, serial_undead_e, serial_undead_b,
          serial_undead_c, serial_undead_a, serial_undead_c, serial_undead_c,
          uniq_edmund
D:5:      layout_layer_cave, feat_on_display
D:6:      layout_basic, nzn_wu_jian_council_hall,
          minmay_temple_entry_proselytizer, gup_sewer_entry_glass,
          nicolae_shop_i_like_big_books, uniq_crazy_yiuf_cottage
D:7:      layout_gridville
D:8:      layout_basic, zin_scriptorium, hangedman_decor_peaks_small,
          columned_hall_lemuel
D:9:      nicolae_BIG_FREAKIN_CUBE, layout_cross
D:10:     layout_gridville, orc_0_dummy, enter_bailey_3, uniq_sonja,
          uniq_nergalle
D:11:     layout_long_grid, erik_lair_dragon, nicolae_ru_sacrificial_ziggurat
D:12:     layout_gridville, minmay_door_square
D:13:     minmay_cut_squares, layout_basic, erik_vaults_1,
          hangedman_decor_opposing, uniq_jorgrun
Temple:   nicolae_temple_bog_church
Lair:1:   layout_gridlike, chequers_serial_rivers_marsh, lemuel_fruit_fields
Lair:2:   beast_lair_carwin_large_3, layout_cave_pods,
          nicolae_quartered_pool_super, chequers_serial_rivers_marsh,
          serial_bayou_pond_a, chequers_serial_rivers_large_b, worms_lemuel
Lair:3:   layout_regular_city, skrybe_swamp_entry_bodies,
          nicolae_snake_entry_squirm, pdpol_lair_cabin_in_the_woods,
          grunt_megastairs_4, serial_bayou_shore_b
Lair:4:   layout_long_grid, slime_entry_1
Lair:5:   grunt_lair_end_beastmaster, layout_loops_ring,
          kennysheep_snail_temple, infiniplex_staircase_pool,
          serial_bayou_shore_b
Swamp:1:  layout_basic_swamp, portal_ice_cave_entry_pillars_three,
          hangedman_swamp_ruin_hall, swamp_pool5,
          nicolae_swamp_oklob_treasure_island, uniq_kirke

Skill      XL: |  1  2  3  4  5  6  7  8  9 10 11 12 13 14 |
---------------+-------------------------------------------+-----
Polearms       | 2 |  2.8
Armour         | 3 4 5 6 7 8 10 12 14 | 14.5
Shields        | 3 4 5 6 7 8 9 10 11 12 | 12.0
Fighting       | 4 5 6 7 9 10 11 12 13 | 13.0
Short Blades   | 1 2 3 4 6 7 8 10 11 | 11.4

Action                     |  1- 3 |  4- 6 |  7- 9 | 10-12 | 13-15 || total
---------------------------+-------+-------+-------+-------+-------++-------
  Melee: Trident           |    35 |       |       |       |       ||    35
         Dagger            |   195 |       |       |       |       ||   195
         Kick              |    43 |    45 |   182 |       |       ||   270
         Short sword       |     4 |   167 |   714 |   634 |       ||  1519
         Demon trident     |       |       |       |   397 |   312 ||   709
  Throw: Stone             |       |     7 |       |       |       ||     7
         Dart              |       |       |       |     2 |     2 ||     4
  Evoke: Wand              |       |       |     7 |    18 |     1 ||    26
    Use: Scroll            |       |    11 |     8 |    21 |       ||    40
         Potion            |       |     1 |       |     9 |     2 ||    12
   Stab: Petrified         |       |       |       |       |     4 ||     4
 Armour: Scale mail        |    88 |    55 |       |       |       ||   143
         Chain mail        |       |    22 |   251 |   463 |    15 ||   751
         Skin              |       |       |       |     3 |       ||     3
         Plate armour      |       |       |       |       |   197 ||   197
  Dodge: Dodged            |    74 |    36 |   167 |   248 |    75 ||   600
         Repelled          |       |       |       |     2 |       ||     2
  Block: Buckler           |    53 |    29 |   149 |   112 |       ||   343
         Tower shield      |       |       |       |   390 |   304 ||   694
